 Dungeon Crawl Stone Soup version 0.30.0-17-ge0270778cf (webtiles) character file.

Game seed: 12106353588521755323

1873 Sabo the Chopper (level 8, -4/64 HPs)
             Began as a Demonspawn Berserker on May 22, 2023.
             Was an Elder of Trog.
             Slain by an acid dragon (8 damage)
             ... on level 7 of the Dungeon.
             The game lasted 00:27:58 (5365 turns).

Sabo the Chopper (Demonspawn Berserker)             Turns: 5365, Time: 00:27:58

Health: -4/64      AC:  8    Str: 25    XL:     8   Next: 91%
Magic:  8/8        EV: 10    Int:  9    God:    Trog [****..]
Gold:   329        SH:  0    Dex: 13    Spells: 7/7 levels left

rFire   . . .        v - +12 scimitar of Lacwas {heavy, rC+}
rCold   + . .        (no shield)
rNeg    . . .        u - +0 chain mail
rPois   .            (no helmet)
rElec   .            q - +0 cloak
rCorr   .            y - +0 pair of gloves
SInv    +            (no boots)
Will    .....        (no amulet) Stlth
                     w - +6 ring of strength
HPRegen 0.30/turn    B - ring of see invisible
MPRegen 0.11/turn

%: no passive effects
@: corroded
A: hooves 1, foul stench 2, spiny 2
a: Renounce Religion, Berserk, Trog's Hand, Brothers in Arms


You were on level 7 of the Dungeon.
You worshipped Trog.
Trog was greatly pleased with you.
You visited 1 branch of the dungeon, and saw 7 of its levels.

You collected 329 gold pieces.

Inventory:

Hand Weapons
 a - a +5 flail
 b - a +1 short sword of electrocution
 n - a +1 battleaxe
 v - the +12 scimitar of Lacwas (weapon) {heavy, rC+}
   (You found it on level 5 of the Dungeon)

   rC:        It protects you from cold.
 C - a +5 spear of freezing
 D - a +0 shortbow
Missiles
 h - 3 atropa-tipped darts (quivered)
Armour
 p - a scarf of invisibility
 q - a +0 cloak (worn)
 u - a +0 chain mail (worn)
 y - a +0 pair of gloves (worn)
Jewellery
 w - a +6 ring of strength (left hand)
 B - a ring of see invisible (right hand)
Wands
 i - a wand of paralysis (4)
 j - a wand of flame (11)
 s - a wand of iceblast (5)
 A - a wand of polymorph (14)
Scrolls
 d - a scroll of enchant weapon
 e - 2 scrolls of fog
 g - 5 scrolls of teleportation
 k - a scroll of blinking {unknown}
 l - a scroll of poison
Potions
 c - 2 potions of haste {unknown}
 f - a potion of degeneration {unknown}
 m - a potion of heal wounds {unknown}
 o - 2 potions of attraction {unknown}
 r - 2 potions of curing {unknown}
 x - 3 potions of cancellation {unknown}
 z - a potion of flight {unknown}


   Skills:
 + Level 6.2 Fighting
 + Level 2.8 Long Blades
 + Level 7.1 Axes
 + Level 4.9 Armour
 + Level 3.6 Dodging
 + Level 1.0 Stealth


You had 7 spell levels left.
You didn't know any spells.
Your spell library was empty.

Dungeon Overview and Level Annotations

Branches:
Dungeon (7/15)
 Temple: D:4-7

Altars:
Ashenzari
Makhleb

Shops:
D:2 ?(*?


Innate Abilities, Weirdness & Mutations

You have large cloven feet.
You sometimes emit foul miasma when damaged in melee.
You are mostly covered in sharp spines.


Message History

You feel your attacks grow feeble.
You slice the gnoll bouda!!
You kill the gnoll bouda!
Trog accepts your kill.
The gnoll hits you from afar with a +0 spear.
The gnoll hits you but does no damage.
The gnoll hits you from afar with a +0 spear.
The gnoll hits you with a +0 spear. The gnoll is struck by your spines.
The gnoll misses you.
Things that are here:
a +0 club; a +0 robe You slice the gnoll!!
You kill the gnoll!
Trog accepts your kill. The gnoll hits you but does no damage.
The acid dragon spits acid at you. The splash of acid hits you!
The acid corrodes you! The gnoll is struck by your spines.
The gnoll hits you with a +0 spear. The acid dragon spits acid at you.
The splash of acid misses you.
You slash the gnoll!
You kill the gnoll!
Trog accepts your kill.
Your attacks no longer feel as feeble.
The acid dragon spits acid at you. The splash of acid misses you.
You barely miss the acid dragon. The acid dragon misses you.
The acid dragon barely misses you.
You completely miss the acid dragon.
You kick the acid dragon, but do no damage.
The acid dragon spits acid at you. The splash of acid misses you.
The acid dragon spits acid at you. The splash of acid hits you!!
Ouch! That really hurt!
* * * LOW HITPOINT WARNING * * *
You closely miss the acid dragon.
You kick the acid dragon, but do no damage.
The acid dragon bites you!
You die...

#...... #.....
#####..#.###
..[........# #.
.......)#..#.)#
...............
.....#........#
... #D).....#.
. #@##..#.# #.#
..# .# ### ..#
. .. ..> ###


You could see an acid dragon.

Vanquished Creatures
  A steam dragon (D:6)
  A black bear (D:5)
  A sky beast (D:6)
  3 ogres
  2 centaurs
  A phantom (D:4)
  3 scorpions
  5 wights (D:6)
  3 jellies (D:6)
  4 hounds
  A gnoll bouda (D:7)
  2 iguanas
  4 orc wizards
  4 gnolls (D:7)
  9 adders
  A white imp (D:7)
  An ufetubus (D:6)
  5 worms
  18 orcs
  6 ball pythons
  3 bats
  7 endoplasms
  4 giant cockroaches
  10 goblins
  4 hobgoblins
  7 jackals
  7 kobolds
  11 quokkas
  2 frilled lizards
  7 rats
137 creatures vanquished.

Notes
Turn   | Place    | Note
-------+----------+-------------------------------------------
     0 | D:1      | Sabo the Demonspawn Berserker began the quest for the Orb.
     0 | D:1      | Reached XP level 1. HP: 18/18 MP: 1/1
   168 | D:1      | Gained mutation: You have large cloven feet. [demonic
                  | ancestry]
   168 | D:1      | Reached XP level 2. HP: 24/24 MP: 2/2
   212 | D:1      | Reached skill level 3 in Axes
   473 | D:1      | Gained mutation: You may rarely emit foul miasma when
                  | damaged in melee. [demonic ancestry]
   473 | D:1      | Reached XP level 3. HP: 28/29 MP: 3/3
   475 | D:1      | Reached ** piety under Trog
   533 | D:1      | Found a faded altar of an unknown god.
  1028 | D:2      | Found Cexenur's Magic Scroll Boutique.
  1090 | D:2      | Gained mutation: You are partially covered in sharp spines.
                  | [demonic ancestry]
  1090 | D:2      | Reached XP level 4. HP: 30/37 MP: 4/4
  1312 | D:2      | Found Ziskazi's Magic Scroll Emporium.
  1316 | D:2      | Found Waukeas's Antique Weapon Shop.
  1373 | D:2      | Found Zeozemiu's Assorted Antiques.
  2653 | D:4      | Reached skill level 4 in Axes
  2656 | D:4      | Gained mutation: You are mostly covered in sharp spines.
                  | [demonic ancestry]
  2656 | D:4      | Reached XP level 5. HP: 30/42 MP: 5/5
  2731 | D:4      | Noticed an ogre
  2733 | D:4      | Reached *** piety under Trog
  2737 | D:4      | Killed an ogre
  2821 | D:4      | Gained mutation: You sometimes emit foul miasma when
                  | damaged in melee. [demonic ancestry]
  2821 | D:4      | Reached XP level 6. HP: 39/48 MP: 6/6
  2874 | D:4      | Found a broken altar of Ashenzari.
  3007 | D:4      | Reached skill level 5 in Axes
  3399 | D:4      | Reached XP level 7. HP: 37/55 MP: 7/7
  3604 | D:5      | Entered Level 5 of the Dungeon
  3628 | D:5      | Reached **** piety under Trog
  3743 | D:5      | Reached skill level 6 in Axes
  3756 | D:5      | Identified the +12 scimitar of Lacwas {heavy, rC+}
  3989 | D:5      | Reached skill level 5 in Fighting
  4187 | D:6      | Reached XP level 8. HP: 59/62 MP: 8/8
  4390 | D:6      | Reached skill level 1 in Long Blades
  4825 | D:6      | Reached skill level 7 in Axes
  4825 | D:6      | Reached skill level 1 in Stealth
  5004 | D:6      | Found a burning altar of Makhleb.
  5365 | D:7      | Slain by an acid dragon

Illustrated notes

Levels and vault maps discovered:
D:1:      kennysheep_arrival_seaside, layout_rooms, basic_ecumenical_altar
D:2:      layout_loops_ring, serial_shops, nicolae_shop_rolled_up, shop,
          nicolae_square_shop, shop
D:3:      layout_basic, tso_oasis_becter, dreamdust_mushroom_princess
D:4:      minmay_chambers_of_twos, layout_basic, lemuel_crystal_altar
D:5:      layout_rooms
D:6:      layout_loops_cross, bloody_makhleb
D:7:      layout_basic, mainiacjoe_overflow_alcove_2, led_sif_pool,
          mainiacjoe_overflow_chevrons, minmay_temple_entry_mini_moons

Skill      XL: |  1  2  3  4  5  6  7  8 |
---------------+-------------------------+-----
Axes           | 3 4 5 6 7 |  7.1
Dodging        | 2 3 |  3.6
Armour         | 2 3 4 |  4.9
Fighting       | 4 5 6 |  6.2
Long Blades    | 2 |  2.8
Stealth        | 1 |  1.0

Action                     |  1- 3 |  4- 6 |  7- 9 || total
---------------------------+-------+-------+-------++-------
  Melee: Hand axe          |    84 |    16 |       ||   100
         Kick              |    17 |    15 |    13 ||    45
         Punch             |     1 |       |       ||     1
         Battleaxe         |       |    58 |    23 ||    81
         Scimitar          |       |       |    42 ||    42
 Invoke: Berserk           |     1 |       |       ||     1
    Use: Scroll            |       |     4 |     1 ||     5
   Stab: Sleeping          |     1 |       |       ||     1
 Armour: Animal skin       |    10 |       |       ||    10
         Ring mail         |     5 |    27 |       ||    32
         Chain mail        |       |     8 |    47 ||    55
  Dodge: Dodged            |    59 |    33 |    52 ||   144
